AoeStats
← nW | iamkaito

Arabia

509333704Analyzed
1v1 RM · 7d ago on Sep 26, 2026· 35m 34s· 2 players
Game mode
Random Map
Map size
Tiny (2 player)
Population
200
Speed
Normal
Resources
Standard
Victory
Conquest
Starting age
Dark Age
Ending age
Imperial Age
RankedLock teamsTeams togetherTeam positionsShared explorationLock speedFull tech treeHidden civsTurbo modeCheats
Victory
Defeat
🇲🇽 Byzantines · Mexico
2155
+6
🇦🇷 Saxons · Argentina
1917
-6
[AirBo]空氣包
4:41 Loom
11:26 Feudal Age
11:29 Man-at-Arms
12:20 Double-Bit Axe
15:17 Town Watch
21:15 Castle Age
19:06 Horse Collar
20:03 Gold Mining
21:01 Fletching
21:20 Padded Archer Armor
21:24 Elite Skirmisher
22:27 Bodkin Arrow
23:06 Leather Archer Armor
24:31 Ballistics
26:41 Bow Saw
30:35 Wheelbarrow
35:04 Heavy Plow
nW | iamkaito
4:57 Loom
9:46 Feudal Age
10:25 Double-Bit Axe
21:10 Castle Age
19:28 Fletching
20:10 Padded Archer Armor
20:18 Gold Mining
20:40 Scale Mail Armor
21:12 Crossbowman
21:48 Bodkin Arrow
34:50 Chain Mail Armor
Connection lost

Rejoining the realm…

Still unreachable

The connection could not be restored.

Session expired

The server has moved on; the page needs a fresh start.